Cogmind - Beta 11 X8 @@@ ROGUE MODE // 2022.01.07 @ 20:07:16 Player: tourn Result: Destroyed by B-75 Beast with Magnetic Acceleration Cannon Performance ------------- Evolutions (4) 2000 Regions Visited (11) 2200 Robots Destroyed (225) 1125 Value Destroyed (8213) 8213 Prototype IDs (5) 100 Alien Tech Used (0) 0 Bonus (3864) 3864 TOTAL SCORE: 17502 Bonus ------- High Alert Combat Kills 1589 Follower Combat Kills 881 Entered Garrisons 800 Used RIF Installer 1500 Friendly Fire -906 Cogmind --------- Core Integrity 0/850 Matter 477/550 Energy 335/800 System Corruption 5% Temperature Cool (27) Movement Core (400) Ox7 Location -6/Garrison Parts ------- > --- POWER (1) -------- (None) > --- PROPULSION (4) --- (None) > --- UTILITY (8) ------ Energy Well Energy Well Matter Compressor Advanced Armor Integrity Analyzer > --- WEAPON (2) ------- Plasma Cannon > --- INVENTORY (5) ---- Improved Transmission Jammer Cloaking Device Remote Datajack Peak State ------------ > --- POWER ------------ Improved Deuterium Engine > --- PROPULSION ------- Carbon-fiber Leg Carbon-fiber Leg Carbon-fiber Leg Carbon-fiber Leg > --- UTILITY ---------- Advanced Heat Sink Large Storage Unit Particle Charger Improved Light Armor Plating Focal Shield Improved Hardlight Generator Relay Coupler [NC] Relay Coupler [Sentry] > --- WEAPON ----------- Phase Cannon Long-range Missile Launcher > --- INVENTORY -------- Light Nuclear Core Armored Treads Medium Treads Improved Transmission Jammer Phase Shifter Cloaking Device Relay Coupler [Duelist] Relay Coupler [Demolisher] Relay Coupler [Behemoth] Plasma Cannon Plasma Cannon Remote Datajack Heavy Pick [Rating: 58] Favorites ----------- Power Improved Deuterium Engine Engine Improved Deuterium Engine Power Core Light Nuclear Core Propulsion Armored Treads Treads Armored Treads Leg Improved Titanium Leg Wheel Armored Huge Wheel Flight Unit Surge Thruster Utility Large Storage Unit Device Cooling System Storage Large Storage Unit Processor Advanced Armor Integrity Analyzer Hackware Relay Coupler [Grunt] Protection Hardened Light Armor Plating Weapon Particle Cannon Energy Gun Medium Laser Energy Cannon Particle Cannon Ballistic Gun Light Assault Rifle Launcher Long-range Missile Launcher Special Weapon Remote Datajack Slashing Weapon Greatsword Piercing Weapon Heavy Pick Special Melee Weapon Improved Datajack Build | -11 -10 -10 -9 -9 -9 -8 -8 -7 -7 -6 -6 ------- Run | Scr Mat Min Mat Sto Gar Mat Gar Fac Gar Fac Gar Slots Evolved 8 | . . . 2 . . 2 . 2 . 2 . Power . | . . . . . . . . . . . . Propulsion 2 | . . . 1 . . . . 1 . . . Utility 6 | . . . 1 . . 2 . 1 . 2 . Weapon . | . . . . . . . . . . . . Parts Attached 266 | . 8 1 18 21 5 54 36 20 21 49 33 Power 13 | . . 1 2 1 1 1 2 2 . 2 1 Engine 8 | . . . 1 1 1 1 1 1 . 2 . Core 5 | . . 1 1 . . . 1 1 . . 1 Reactor . | . . . . . . . . . . . . Propulsion 65 | . 2 . 9 8 . 15 5 7 . 11 8 Treads 45 | . 2 . 9 8 . 8 3 6 . 6 3 Leg 18 | . . . . . . 7 2 1 . 4 4 Wheel 1 | . . . . . . . . . . 1 . Hover . | . . . . . . . . . . . . Flight 1 | . . . . . . . . . . . 1 Utility 86 | . 2 . 2 8 1 23 5 6 8 18 13 Device 30 | . . . 1 2 1 6 1 3 2 10 4 Storage 10 | . 1 . . . . 5 . . . . 4 Processor 3 | . . . . . . . . . . 1 2 Hackware 12 | . . . . . . 2 3 1 3 1 2 Protection 31 | . 1 . 1 6 . 10 1 2 3 6 1 Artifact . | . . . . . . . . . . . . Weapon 102 | . 4 . 5 4 3 15 24 5 13 18 11 Energy Gun 11 | . . . 1 1 . . 9 . . . . Energy Cannon 43 | . 2 . 3 3 2 10 . 4 4 11 4 Ballistic Gun 4 | . 2 . . . . . 1 . . . 1 Ballistic Cannon . | . . . . . . . . . . . . Launcher 14 | . . . . . 1 3 2 . 2 2 4 Special Weapon 12 | . . . 1 . . . . . 5 4 2 Impact Weapon . | . . . . . . . . . . . . Slashing Weapon 9 | . . . . . . . 6 1 2 . . Piercing Weapon 1 | . . . . . . . . . . 1 . Special Melee Weapon 8 | . . . . . . 2 6 . . . . Unidentified Prototypes 5 | . . . 3 2 . . . . . . . Corrupted Parts 1 | . . . . . . . . . . 1 . System Corruption 4 | . . . . . . . . . . 4 . Parts Lost 74 | . 2 . 1 4 1 12 12 . 1 13 28 Power 8 | . . . 1 . 1 . 2 . . 2 2 Propulsion 21 | . . . . 1 . 2 4 . . 5 9 Utility 29 | . . . . 3 . 6 3 . . 5 12 Weapon 16 | . 2 . . . . 4 3 . 1 1 5 Highest Loss Streak 13 | . 2 . 1 3 1 3 4 . 1 4 13 Average Slot Usage (%) 96 | . 97 100 100 99 100 97 85 91 99 97 73 Engine 7 | . 14 5 4 11 11 9 5 6 7 5 2 Core 1 | . . 8 6 . . . 3 . . . . Treads 22 | . 21 28 33 33 33 8 12 27 30 20 5 Leg 5 | . 6 . . . . 18 14 1 . 3 9 Device 9 | . . . 11 9 11 14 . 7 3 19 15 Storage 9 | . 14 14 11 11 11 9 9 7 7 6 10 Hackware 7 | . . . . . . . 13 21 20 19 8 Protection 11 | . 12 14 11 12 11 18 9 6 12 6 5 Energy Gun 1 | . 9 . . . . . 6 . . . . Energy Cannon 14 | . 6 28 21 22 21 17 4 4 10 12 8 Ballistic Gun 1 | . 12 . . . . . . . . . . Naked Turns . | . . . . . . . . . . . . Heaviest Build 67 | 13 34 34 43 45 42 58 67 53 56 62 58 Greatest Support 80 | 20 40 40 60 69 69 69 62 80 80 80 60 Greatest Overweight (x) 10 | . 1 . . . . 1 1 . . 2 10 Average Overweight (x) . | . . . . . . . . . . . . Largest Inventory Capacity 25 | . 15 15 15 15 15 25 15 15 15 15 15 Average Capacity 14 | . 13 15 15 15 15 15 15 15 15 15 13 Most Carried 15 | . 15 15 15 15 15 15 15 15 15 15 15 Average Carried 13 | . 10 15 14 14 14 14 12 14 14 14 9 Final Capacity 15 | 8 15 15 15 15 15 15 15 15 15 15 5 Final Carried 15 | 6 15 15 15 15 15 15 14 15 15 15 3 Class Distribution -------------------- 50% | Mutant 32% | Bothacker-Mutant 14% | Scavenger-Mutant Dominant Class ---------------- Mutant | -10/Materials Mutant | -10/Mines Mutant | -9/Materials Mutant | -9/Storage Mutant | -9/Garrison Mutant | -8/Materials Bothacker-Mutant | -8/Garrison Bothacker-Mutant | -7/Factory Bothacker-Mutant | -7/Garrison Bothacker-Mutant | -6/Factory Scavenger-Mutant | -6/Garrison Resources | -11 -10 -10 -9 -9 -9 -8 -8 -7 -7 -6 -6 ----------- Run | Scr Mat Min Mat Sto Gar Mat Gar Fac Gar Fac Gar Matter Collected 3690 | 200 333 10 180 227 100 446 370 200 396 682 546 Remotely . | . . . . . . . . . . . . Salvage Created 8802 | . 391 158 1804 909 293 2347 549 382 442 1170 357 Parts 454 | . 23 14 114 53 20 104 23 17 23 38 25 Haulers Intercepted 12 | . 1 . 6 1 . 3 . . . 1 . Recyclers Shooed 4 | . 1 . 3 . . . . . . . . Parts Field Recycled . | . . . . . . . . . . . . Retrieved Matter . | . . . . . . . . . . . . Parts Self-Destructed . | . . . . . . . . . . . . Prevented . | . . . . . . . . . . . . Kills | -11 -10 -10 -9 -9 -9 -8 -8 -7 -7 -6 -6 ------- Run | Scr Mat Min Mat Sto Gar Mat Gar Fac Gar Fac Gar Combat Hostiles Destroyed 187 | . 13 2 31 19 10 44 13 7 7 26 15 Melee 5 | . . . . 1 . . 3 1 . . . Guns 16 | . 13 . . . . . 3 . . . . Cannons 108 | . . 2 31 17 3 29 3 5 5 9 4 AOE 48 | . . . . . 7 10 4 . 2 14 11 Classes Destroyed 18 | . 3 2 5 1 . 2 . 1 1 1 2 Worker 6 | . . . 3 . . 3 . . . . . Builder 3 | . . . 1 . . 2 . . . . . Tunneler 1 | . . 1 . . . . . . . . . Hauler 12 | . 1 . 6 1 . 3 . . . 1 . Recycler 5 | . . 1 1 1 . . . . . 2 . Mechanic 1 | . . . . . . 1 . . . . . Operator 2 | . . . 1 . . . . . . 1 . Watcher 6 | . . . 2 1 . 3 . . . . . Swarmer 60 | . 6 . 6 4 6 10 4 . 4 12 8 Cutter 3 | . . . . . . . . . . . 3 Grunt 83 | . 7 2 15 8 2 25 10 4 3 5 2 Brawler 5 | . . . . 1 2 2 . . . . . Duelist 2 | . . . . . . . . . 1 1 . Sentry 29 | . . . 10 6 . 6 . 2 1 3 1 Specialist 2 | . . . . . . 1 . . 1 . . Hunter 2 | . . . . . . . . . . 2 . Programmer 4 | . . . . . . . . 1 . 3 . Behemoth 1 | . . . . . . . . . . . 1 Best Kill Streak 8 | . 3 3 5 4 8 7 4 2 4 6 5 Combat Bots Only 8 | . 3 1 4 4 8 6 4 2 4 5 5 Max Kills in Single Turn 5 | . 1 1 2 2 4 4 2 1 2 5 3 Gunslinging . | . . . . . . . . . . . . Exploded 4 | . . . . . 4 2 2 . 2 4 3 Melee 1 | . . . . 1 . . 1 1 . . . Uniques/NPCs Destroyed . | . . . . . . . . . . . . Combat | -11 -10 -10 -9 -9 -9 -8 -8 -7 -7 -6 -6 -------- Run | Scr Mat Min Mat Sto Gar Mat Gar Fac Gar Fac Gar Damage Taken 14051 | . 547 11 1047 782 192 3358 1629 422 847 2466 2750 Core 1726 | . 65 . 136 68 . 342 134 30 98 148 705 Absorbed by Shields 169 | . . . . 65 . . . . . . 104 Core Remaining (%) 63 | 100 . 74 . . 49 . 13 . 81 . . Volleys Fired 612 | . 44 4 97 45 11 135 48 19 55 84 70 Largest 2 | . 2 2 2 2 2 2 2 2 2 2 2 Hottest 170 | . 136 136 168 136 136 143 115 145 145 170 170 Shots Fired 985 | . 87 8 194 87 17 229 69 38 70 108 78 Gun 129 | . 85 . . . . . 44 . . . . Cannon 776 | . 2 8 193 87 12 223 18 38 36 98 61 Launcher 41 | . . . . . 5 6 7 . 6 4 13 Special 39 | . . . 1 . . . . . 28 6 4 Kinetic 52 | . 49 . . . . . 3 . . . . Thermal 768 | . 38 8 194 86 12 174 23 38 36 98 61 Explosive 19 | . . . . . . . 2 . . 4 13 Electromagnetic 108 | . . . . 1 5 55 41 . 6 . . Robot Hit Streak 19 | . 13 2 11 10 10 15 15 19 11 14 10 Robot Miss Streak 8 | . 5 1 6 2 . 3 3 1 2 4 8 Penetration Max . | . . . . . . . . . . . . Secondary Targets 2 | . 2 . . . . . . . . . . Max Gunslinging Chain 1 | . 1 . . . . . . . . . . Shots Hit Robots 630 | . 53 4 114 52 4 155 56 32 46 63 51 Core Hits 313 | . 29 4 47 20 14 78 25 11 19 40 26 Critical Kills 1 | . . . . 1 . . . . . . . Critical Parts Destroyed . | . . . . . . . . . . . . Critical Strikes 5 | . 4 . . 1 . . . . . . . Burn 4 | . 4 . . . . . . . . . . Meltdown 1 | . . . . 1 . . . . . . . Melee Attacks 20 | . . . . . . 3 16 1 . . . Impact . | . . . . . . . . . . . . Slashing 9 | . . . . . . . 8 1 . . . Piercing . | . . . . . . . . . . . . Sneak Attacks 3 | . . . . . . . 3 . . . . Combat Hostiles 2 | . . . . . . . 2 . . . . Follow-up Attacks 1 | . . . . . . . 1 . . . . Damage Inflicted 18907 | . 625 104 2592 1119 407 4264 1839 880 977 3647 2453 Guns 1228 | . 583 . . . . . 645 . . . . Cannons 12289 | . 42 104 2570 1105 83 3586 348 820 537 1631 1463 Explosions 4990 | . . . . . 324 650 570 . 440 2016 990 Melee 336 | . . . . . . . 276 60 . . . Ramming 64 | . . . 22 14 . 28 . . . . . Kinetic 276 | . 246 . . . . . 30 . . . . Thermal 13702 | . 379 104 2570 1084 186 2900 392 820 671 3133 1463 Explosive 1941 | . . . . . . . 499 . . 452 990 Electromagnetic 2588 | . . . . 21 221 1336 642 . 306 62 . Impact . | . . . . . . . . . . . . Slashing 336 | . . . . . . . 276 60 . . . Piercing . | . . . . . . . . . . . . Highest Corruption 7 | . . . . 4 5 1 1 2 3 7 5 Average Corruption 2 | . . . . 4 4 1 1 1 2 1 5 Corruption Purged 7 | . . . . . . . . . . 7 . Effects 69 | . . . . 17 14 2 4 . 14 8 10 Message Errors 21 | . . . . 4 3 1 2 . 7 2 2 Matter Fused 18 | . . . . 5 6 . . . 3 1 3 Heat Flow Errors 8 | . . . . 3 2 . . . 1 2 . Energy Discharges 11 | . . . . . 2 1 1 . 2 3 2 Data Loss (minor) 9 | . . . . 5 1 . 1 . 1 . 1 Weapon Failures 2 | . . . . . . . . . . . 2 Overload Shots . | . . . . . . . . . . . . Overflow Damage 483 | . . . 1 1 . 16 76 19 27 318 25 Projectiles 107 | . . . 1 1 . 16 . 19 27 43 . Explosions 376 | . . . . . . . 76 . . 275 25 Melee . | . . . . . . . . . . . . Knockbacks . | . . . . . . . . . . . . Impact . | . . . . . . . . . . . . Kinetic . | . . . . . . . . . . . . Secondary . | . . . . . . . . . . . . Self-Inflicted Damage 808 | . . . . . 76 133 109 . 76 185 229 Shots 25 | . . . . . 3 6 3 . 4 4 5 Rammed 7 | . . . 2 2 . 3 . . . . . Targets Rammed 11 | . . . 2 3 . 6 . . . . . Kicked 2 | . . . . . . 2 . . . . . Crushed 2 | . . . . 1 . 1 . . . . . Highest Temperature 547 | . 162 81 282 387 257 387 547 197 423 436 340 Average Temperature 103 | . 65 45 59 98 82 114 180 120 85 117 60 Received Heat Transfer 4271 | . 228 6 486 129 12 1215 882 189 222 462 440 Effects 15 | . . . . 3 . 3 7 . 2 . . Shutdowns 4 | . . . . 1 . 1 1 . 1 . . Energy Bleed 5 | . . . . 2 . . 3 . . . . Interference 3 | . . . . . . 1 1 . 1 . . Short Circuit 2 | . . . . . . 1 1 . . . . Damage (minor) 1 | . . . . . . . 1 . . . . Siege Activations . | . . . . . . . . . . . . Robots Corrupted 4 | . . . . . . 4 . . . . . Combat Hostiles 4 | . . . . . . 4 . . . . . Parts Fried 10 | . . . . . . 8 2 . . . . Impact Corruptions . | . . . . . . . . . . . . Robots Melted 6 | . . . . 1 . 1 . 1 . 3 . Combat Hostiles 6 | . . . . 1 . 1 . 1 . 3 . Parts Melted 46 | . 3 . 8 7 . 10 3 1 3 11 . Heat Transferred 21060 | . 1369 185 4625 1961 348 4679 666 1342 993 3158 1734 Parts Sabotaged . | . . . . . . . . . . . . Parts Stolen . | . . . . . . . . . . . . Parts Stripped . | . . . . . . . . . . . . Power Chain Reactions 9 | . . . . . 4 3 . . 2 . . Missiles Intercepted . | . . . . . . . . . . . . Alert | -11 -10 -10 -9 -9 -9 -8 -8 -7 -7 -6 -6 ------- Run | Scr Mat Min Mat Sto Gar Mat Gar Fac Gar Fac Gar Peak Influence 1297 | . 169 170 611 596 752 1168 1297 740 678 875 927 Initial 759 | . . 21 66 258 319 366 759 680 294 355 612 Average 477 | . 76 85 352 441 537 655 1076 492 511 332 833 Maximum Alert Level 4 | . . . 2 2 3 4 4 3 2 3 3 Low Security (%) 19 | . 100 100 16 . . . . . . 16 . Level 1 26 | . . . 41 30 40 12 . 47 20 61 . Level 2 33 | . . . 41 69 37 48 . 44 79 13 13 Level 3 15 | . . . . . 22 28 54 8 . 8 86 Level 4 5 | . . . . . . 10 45 . . . . Level 5 . | . . . . . . . . . . . . High Security . | . . . . . . . . . . . . Max Security . | . . . . . . . . . . . . Squads Dispatched 30 | . 2 1 7 2 . 11 . 2 . 5 . Investigation 4 | . 1 . 3 . . . . . . . . Extermination 5 | . . . . . . . . 1 . 4 . Reinforcement 18 | . 1 . 4 2 . 9 . 1 . 1 . Assault 3 | . . 1 . . . 2 . . . . . Garrison . | . . . . . . . . . . . . Intercept . | . . . . . . . . . . . . Construction Impeded . | . . . . . . . . . . . . Haulers Reinforced . | . . . . . . . . . . . . Active Scanning Responses . | . . . . . . . . . . . . Cargo Convoy Interrupts . | . . . . . . . . . . . . Stealth | -11 -10 -10 -9 -9 -9 -8 -8 -7 -7 -6 -6 --------- Run | Scr Mat Min Mat Sto Gar Mat Gar Fac Gar Fac Gar Distress Signals 11 | . 2 . 7 1 . 1 . . . . . Communications Jammed 24 | . . . . . . . . . . 24 . Distress Signals 24 | . . . . . . . . . . 24 . Times Spotted 342 | . 24 7 60 22 19 89 27 9 29 37 19 Peak Tracking Total 9 | . 4 3 6 6 9 8 5 2 8 5 5 Tactical Retreats 28 | . . . 3 1 2 8 7 . 5 2 . Traps | -11 -10 -10 -9 -9 -9 -8 -8 -7 -7 -6 -6 ------- Run | Scr Mat Min Mat Sto Gar Mat Gar Fac Gar Fac Gar Traps Triggered 14 | . 1 . 3 1 1 . 2 2 . 2 2 Indirectly . | . . . . . . . . . . . . Trap Hack Attempts . | . . . . . . . . . . . . Triggered . | . . . . . . . . . . . . Disarmed . | . . . . . . . . . . . . Reprogrammed . | . . . . . . . . . . . . Reused . | . . . . . . . . . . . . Traps Extracted . | . . . . . . . . . . . . Installed . | . . . . . . . . . . . . Triggered . | . . . . . . . . . . . . Machines | -11 -10 -10 -9 -9 -9 -8 -8 -7 -7 -6 -6 ---------- Run | Scr Mat Min Mat Sto Gar Mat Gar Fac Gar Fac Gar Machines Disabled 29 | . . 3 3 2 2 . 2 1 1 14 1 Max in Single Turn 5 | . . 1 1 1 1 . 1 1 1 5 1 Garrison Relay 6 | . . . . . 2 . 2 . 1 . 1 Machines Sabotaged . | . . . . . . . . . . . . Garrisons Compromised . | . . . . . . . . . . . . Overloaded Fab Kills . | . . . . . . . . . . . . Hacking | -11 -10 -10 -9 -9 -9 -8 -8 -7 -7 -6 -6 --------- Run | Scr Mat Min Mat Sto Gar Mat Gar Fac Gar Fac Gar Machines Accessed 19 | . 3 . 2 3 . 4 . 3 . 4 . Terminals 15 | . 3 . 2 2 . 3 . 2 . 3 . Fabricators . | . . . . . . . . . . . . Repair Stations . | . . . . . . . . . . . . Recycling Units . | . . . . . . . . . . . . Scanalyzers . | . . . . . . . . . . . . Garrison Access 4 | . . . . 1 . 1 . 1 . 1 . Total Hacks 28 | . 4 . 3 5 . 6 . 5 . 5 . Successful 15 | . 2 . 1 2 . 4 . 3 . 3 . Failed 13 | . 2 . 2 3 . 2 . 2 . 2 . Catastrophic 1 | . 1 . . . . . . . . . . Database Lockouts . | . . . . . . . . . . . . Manual 9 | . 3 . 1 . . 5 . . . . . Terminals 24 | . 4 . 3 4 . 5 . 4 . 4 . Fabricators . | . . . . . . . . . . . . Repair Stations . | . . . . . . . . . . . . Recycling Units . | . . . . . . . . . . . . Scanalyzers . | . . . . . . . . . . . . Garrison Access 4 | . . . . 1 . 1 . 1 . 1 . Terminal Hacks 10 | . 2 . 1 1 . 2 . 2 . 2 . Open DSF 1 | . . . . . . . . 1 . . . Branch Access Points 1 | . 1 . . . . . . . . . . Garrison Index 1 | . . . . . . 1 . . . . . Alert Level 1 | . . . . 1 . . . . . . . Unreport Threat 2 | . . . 1 . . . . 1 . . . Recall Investigation 1 | . . . . . . 1 . . . . . Registered Prototypes 1 | . 1 . . . . . . . . . . Zone Layout 2 | . . . . . . . . . . 2 . Fabricator Hacks . | . . . . . . . . . . . . Repair Station Hacks . | . . . . . . . . . . . . Recycling Unit Hacks . | . . . . . . . . . . . . Scanalyzer . | . . . . . . . . . . . . Garrison Access Hacks 4 | . . . . 1 . 1 . 1 . 1 . Unlock Access 4 | . . . . 1 . 1 . 1 . 1 . Unauthorized Hacks 1 | . . . . . . 1 . . . . . Terminals 1 | . . . . . . 1 . . . . . Botnet 1 | . . . . . . 1 . . . . . Fabricators . | . . . . . . . . . . . . Repair Stations . | . . . . . . . . . . . . Recycling Units . | . . . . . . . . . . . . Scanalyzers . | . . . . . . . . . . . . Garrison Access . | . . . . . . . . . . . . Data Cores Recovered . | . . . . . . . . . . . . Used . | . . . . . . . . . . . . Hacking Detections 11 | . 1 . 1 2 . 2 . 2 . 3 . Full Trace Events . | . . . . . . . . . . . . Feedback Events . | . . . . . . . . . . . . Feedback Blocked . | . . . . . . . . . . . . Robot Schematics Acquired . | . . . . . . . . . . . . Robots Built . | . . . . . . . . . . . . Authchips . | . . . . . . . . . . . . Time . | . . . . . . . . . . . . Total Robot Build Rating . | . . . . . . . . . . . . Part Schematics Acquired . | . . . . . . . . . . . . Parts Built . | . . . . . . . . . . . . Authchips . | . . . . . . . . . . . . Time . | . . . . . . . . . . . . Total Part Build Rating . | . . . . . . . . . . . . Parts Repaired . | . . . . . . . . . . . . Time . | . . . . . . . . . . . . Parts Recycled . | . . . . . . . . . . . . Recycled Matter . | . . . . . . . . . . . . Retrieved Matter . | . . . . . . . . . . . . Retrieved Components . | . . . . . . . . . . . . Parts Scanalyzed . | . . . . . . . . . . . . Part Schematics Acquired . | . . . . . . . . . . . . Parts Damaged . | . . . . . . . . . . . . Bothacking | -11 -10 -10 -9 -9 -9 -8 -8 -7 -7 -6 -6 ------------ Run | Scr Mat Min Mat Sto Gar Mat Gar Fac Gar Fac Gar Used RIF Installer 3 | . . . . . 1 . 1 . 1 . . Command Fork 1 | . . . . . . . . . 1 . . Watcher Feeds 1 | . . . . . . . 1 . . . . Robots Hacked 20 | . . . . . . 2 5 . 6 5 2 Non-combat 2 | . . . . . . . . . . 2 . Combat 18 | . . . . . . 2 5 . 6 3 2 Robot Hacks Applied 22 | . . . . . . 2 5 . 6 6 3 parse_system 1 | . . . . . . . . . . . 1 reprogram_traps 1 | . . . . . . . . . . 1 . block_reporting 1 | . . . . . . . . . . 1 . find_garrison 1 | . . . . . . . . . . 1 . overwrite_iff 7 | . . . . . . . 2 . 2 1 2 streamctrl_high 7 | . . . . . . 2 2 . 2 1 . formatsys_high 4 | . . . . . . . 1 . 2 1 . Relay Couplers Released 27 | . . . . . 9 . 8 . 5 . 5 Machine Destruction 27 | . . . . . 9 . 8 . 5 . 5 Attached 12 | . . . . . . 2 3 1 3 1 2 Robots Rewired 9 | . . . . . . . . . 9 . . Allies Hacked . | . . . . . . . . . . . . Hacks Repelled . | . . . . . . . . . . . . Allies | -11 -10 -10 -9 -9 -9 -8 -8 -7 -7 -6 -6 -------- Run | Scr Mat Min Mat Sto Gar Mat Gar Fac Gar Fac Gar Total Allies 42 | . . 6 . 10 . 2 5 . 15 2 2 Largest Group 10 | . . 5 4 10 10 1 1 . 6 2 1 Highest-Rated Group 118 | . . 83 75 88 88 24 18 . 118 58 85 Highest-Rated Ally 85 | . . 31 31 16 16 24 18 . 32 29 85 Total Orders . | . . . . . . . . . . . . Ally Attacks 161 | . . 27 9 . 29 7 26 . 51 7 5 Total Damage 2556 | . . 361 183 . 255 239 341 . 866 96 215 Kills 32 | . . 6 3 . 5 2 3 . 11 . 2 Allies Corrupted . | . . . . . . . . . . . . Allies Melted . | . . . . . . . . . . . . Intel | -11 -10 -10 -9 -9 -9 -8 -8 -7 -7 -6 -6 ------- Run | Scr Mat Min Mat Sto Gar Mat Gar Fac Gar Fac Gar Robot Analysis Total . | . . . . . . . . . . . . Derelict Logs Recovered 1 | . . 1 . . . . . . . . . Drone Launches . | . . . . . . . . . . . . Drone Recoveries . | . . . . . . . . . . . . Exploration | -11 -10 -10 -9 -9 -9 -8 -8 -7 -7 -6 -6 ------------- Run | Scr Mat Min Mat Sto Gar Mat Gar Fac Gar Fac Gar Turns Passed 12625 | . 1153 698 1932 1010 515 2169 1035 970 855 1755 533 Spaces Moved 6214 | 1 647 423 953 499 284 1062 441 504 388 837 175 Core 6 | . . . . . . . . . . . 6 Treads 4822 | . 460 423 953 499 284 247 266 504 388 711 87 Legs 1327 | 1 187 . . . . 815 175 . . 67 82 Wheels 59 | . . . . . . . . . . 59 . Hover . | . . . . . . . . . . . . Flight . | . . . . . . . . . . . . Fastest Speed 115 | 120 120 160 160 160 160 130 130 163 170 115 120 Average Speed 158 | 120 148 160 160 160 160 136 172 168 170 168 164 Slowest Speed 550 | 120 190 160 160 160 160 245 245 170 170 250 550 Overloaded Moves . | . . . . . . . . . . . . Propulsion Burnouts . | . . . . . . . . . . . . Robots Hopped . | . . . . . . . . . . . . Cave-ins Triggered . | . . . . . . . . . . . . Exploration Rate (%) 53 | 1 82 94 93 51 50 76 62 13 57 26 36 Regions Visited 11 Branch Regions 2 Pre-discovered Areas . | . . . . . . . . . . . . Known Exits Taken 6 | . 1 . 1 1 . 1 . 1 . 1 . Unknown Exits Taken 2 | 1 . 1 . . . . . . . . . Scrap Searched 2 | . . 2 . . . . . . . . . Spaces Dug 20 | . . . 1 . . . . . . 17 2 Terrain Destroyed 325 | . . . 1 . 10 24 15 . 5 167 103 Melee . | . . . . . . . . . . . . Projectile 51 | . . . 1 . . 15 . . . 32 3 AOE 274 | . . . . . 10 9 15 . 5 135 100 Terrain Rammed . | . . . . . . . . . . . . Walls Destroyed . | . . . . . . . . . . . . Machines Disabled . | . . . . . . . . . . . . Actions | -11 -10 -10 -9 -9 -9 -8 -8 -7 -7 -6 -6 --------- Run | Scr Mat Min Mat Sto Gar Mat Gar Fac Gar Fac Gar Total 8022 | . 765 436 1174 635 327 1545 619 593 522 1071 335 Wait 625 | . 41 8 69 32 19 238 55 13 47 62 41 Move 6206 | . 646 422 952 498 283 1062 440 504 387 837 175 Hop . | . . . . . . . . . . . . Pick Up 115 | . 18 . 12 11 4 18 11 13 4 17 7 Fast Attach 66 | . 1 1 4 5 . 10 4 9 2 18 12 Attach 70 | . 2 . 4 5 1 10 12 3 2 16 15 Detach 21 | . . . 3 2 . 1 2 . 1 6 6 Swap 130 | . 5 . 10 11 4 34 20 8 17 15 6 Drop 132 | . 8 1 21 22 3 28 2 23 5 16 3 Fire 612 | . 44 4 97 45 11 135 48 19 55 84 70 Melee 19 | . . . . . . 3 15 1 . . . Ram . | . . . . . . . . . . . . Kick 2 | . . . . . . 2 . . . . . Crush 9 | . . . 2 3 . 4 . . . . . Escape Stasis 12 | . . . . . 2 . 10 . . . . Rewire 3 | . . . . 1 . . . . 2 . . Trap . | . . . . . . . . . . . . Miscellaneous . | . . . . . . . . . . . . Route ------- -11/Scrapyard -10/Materials (discovered 4 exits: *Mat x3 / *Min) -10/Mines (discovered 2 exits: *Mat x2) -9/Materials (discovered 6 exits: *Mat x3 / [*Min x2] / *Sto) -9/Storage -9/Garrison -8/Materials (discovered 2 exits: *Fac / Gar) -8/Garrison (discovered 3 exits: *Fac x3) -7/Factory (discovered 3 exits: *Fac / [*Low] / Gar) -7/Garrison (discovered 2 exits: *Fac x2) -6/Factory (discovered 3 exits: [*Fac] / [*Low] / Gar) -6/Garrison History --------- Turn | Location | Event 1 | -11/Scrapyard | Discovered new exit (range 0) 1 | -11/Scrapyard | Entered Materials 59 | -10/Materials | Identified exit to Mines 66 | -10/Materials | Discovered new exit (range 6) 310 | -10/Materials | Build established: Mutant 563 | -10/Materials | Discovered new exit (range 11) 719 | -10/Materials | Discovered new exit (range 16) 1154 | -10/Materials | Entered Mines 1358 | -10/Mines | Assisted by bots powering up and referring to "LRC-V3" 1456 | -10/Mines | Discovered new exit (range 7) 1818 | -10/Mines | Discovered new exit (range 4) 1819 | -10/Mines | Met a Derelict testing a Signal Generator 1852 | -10/Mines | Entered Materials 1852 | -9/Materials | Accompanied by 4 allies 1852 | -9/Materials | Evolved 2 slots: Propulsion x1, Utility x1 1853 | -9/Materials | Identified exit to Storage 2489 | -9/Materials | Discovered new exit (range 15) 3026 | -9/Materials | Discovered new exit (range 13) 3153 | -9/Materials | Discovered new exit (range 16) 3222 | -9/Materials | Discovered new exit (range 5) 3418 | -9/Materials | Discovered new exit (range 9) 3784 | -9/Materials | Entered Storage 4174 | -9/Storage | Core integrity fell below 50% 4216 | -9/Storage | Lost 3 parts (1n2u) 4257 | -9/Storage | Build established: Scavenger-Mutant 4313 | -9/Storage | Identified exit to Garrison 4596 | -9/Storage | Build established: Mutant 4704 | -9/Storage | Assisted by bots powering up and referring to "LRC-V3" 4794 | -9/Storage | Entered Garrison 4794 | -9/Garrison | Accompanied by 10 allies 4842 | -9/Garrison | Triggered checkpoint 4922 | -9/Garrison | Triggered checkpoint 4938 | -9/Garrison | Garrison Relay disabled 4990 | -9/Garrison | Triggered checkpoint 5046 | -9/Garrison | Destroyed 8 combat bots 5109 | -9/Garrison | Discovered new exit (range 15) 5148 | -9/Garrison | Installed Relay Interface Framework 5184 | -9/Garrison | Triggered checkpoint 5217 | -9/Garrison | Garrison Relay disabled 5309 | -9/Garrison | Entered Materials 5309 | -8/Materials | Evolved 2 slots: Utility x2 6873 | -8/Materials | Build established: Scavenger-Mutant 6909 | -8/Materials | First assault squad dispatched 7092 | -8/Materials | Core integrity fell below 50% 7320 | -8/Materials | Discovered new exit (range 16) 7404 | -8/Materials | Lost 3 parts (1n1u1w) 7478 | -8/Materials | Identified exit to Garrison 7478 | -8/Materials | Entered Garrison 7514 | -8/Garrison | Triggered checkpoint 7533 | -8/Garrison | Garrison Relay disabled 7636 | -8/Garrison | Triggered checkpoint 7748 | -8/Garrison | Triggered checkpoint 7793 | -8/Garrison | Discovered new exit (range 13) 7807 | -8/Garrison | Build established: Bothacker-Mutant 7985 | -8/Garrison | Lost 4 parts (1p2n1w) 8043 | -8/Garrison | Spotted B-75 Beast 8118 | -8/Garrison | Triggered checkpoint 8156 | -8/Garrison | Triggered checkpoint 8157 | -8/Garrison | Discovered new exit (range 14) 8268 | -8/Garrison | Triggered checkpoint 8301 | -8/Garrison | Discovered new exit (range 10) 8327 | -8/Garrison | Expanded RIF knowledge: Watcher Feeds 8374 | -8/Garrison | Triggered checkpoint 8398 | -8/Garrison | Core integrity fell below 20% 8422 | -8/Garrison | Garrison Relay disabled 8443 | -8/Garrison | Lost 4 parts (1p1n1u1w) 8513 | -8/Garrison | Entered Factory 8513 | -7/Factory | Evolved 2 slots: Propulsion x1, Utility x1 9097 | -7/Factory | Discovered new exit (range 5) 9150 | -7/Factory | Discovered new exit (range 5) 9483 | -7/Factory | Identified exit to Garrison 9483 | -7/Factory | Entered Garrison 9506 | -7/Garrison | Triggered checkpoint 9508 | -7/Garrison | Triggered checkpoint 9545 | -7/Garrison | Triggered checkpoint 9878 | -7/Garrison | Triggered checkpoint 9881 | -7/Garrison | Triggered checkpoint 9985 | -7/Garrison | Discovered new exit (range 14) 10048 | -7/Garrison | Triggered checkpoint 10069 | -7/Garrison | Garrison Relay disabled 10130 | -7/Garrison | Triggered checkpoint 10226 | -7/Garrison | Discovered new exit (range 8) 10253 | -7/Garrison | Expanded RIF knowledge: Command Fork 10338 | -7/Garrison | Entered Factory 10338 | -6/Factory | Evolved 2 slots: Utility x2 11078 | -6/Factory | Discovered new exit (range 5) 11451 | -6/Factory | Lost 4 parts (1p2n1u) 11533 | -6/Factory | Discovered new exit (range 8) 11541 | -6/Factory | Lost 3 parts (1n1u1w) 11724 | -6/Factory | Lost 3 parts (1p1n1u) 12093 | -6/Factory | Identified exit to Garrison 12093 | -6/Factory | Entered Garrison 12158 | -6/Garrison | Triggered checkpoint 12163 | -6/Garrison | Garrison Relay disabled 12217 | -6/Garrison | Triggered checkpoint 12217 | -6/Garrison | Triggered checkpoint 12227 | -6/Garrison | Spotted B-75 Beast 12229 | -6/Garrison | Triggered checkpoint 12281 | -6/Garrison | Destroyed B-75 Beast 12355 | -6/Garrison | Lost 13 parts (2p5n6u) 12476 | -6/Garrison | Spotted B-75 Beast 12518 | -6/Garrison | Core integrity fell below 50% 12564 | -6/Garrison | Lost 5 parts (1n4u) 12594 | -6/Garrison | Core integrity fell below 20% 12626 | -6/Garrison | Destroyed by B-75 Beast with Magnetic Acceleration Cannon Last Messages --------------- 12543_ The unstable cave ceiling collapses. 12564_ System corrupted: Matter fused (-8). 12575_ The unstable cave ceiling collapses. 12575_ Hvy. Pick crushed. 12581_ Plasma Cannon destroyed. 12581_ Phase Cannon destroyed. 12582_ System corrupted: Matter fused (-10). 12587_ The unstable cave ceiling collapses. 12588_ Adv. Heat Sink destroyed. 12588_ Lrn. Missile Launcher destroyed. 12593_ Relay Coupler [Sentry] destroyed. 12594_ Acquired Hvy. Machine Gun. 12596_ The unstable cave ceiling collapses. 12598_ Hvy. Machine Gun destroyed. 12602_ Acquired Plasma Cannon. 12606_ The unstable cave ceiling collapses. 12612_ G/8|P>AZTQOMR%XC CE4:1 9JL|TLT:EV 12612_ The unstable cave ceiling collapses. 12619_ System corrupted: Plasma Cannon failed to cycle. 12621_ The unstable cave ceiling collapses. Map ----- +----------------------------------------------------+ | ???????????????# ???????????????????????????????? | | ???????????????# ???????????????????????????????? | | ???????????????# ???????????????????????????????? | | ???????????????# #??????????????????????????????? | | ???????????????# ??????????????????????????????? | | ???????????????# #??????????????????????????????? | | ???????????????# #??????????????????????????????? | | ??????????????? #??????????????????????????????? | | ???????????????# #??????????????????????????????? | | ???????????????# #?????????###??????????????????? | | ???????????????# #????????? #??????????????????? | | ???????????????# #????????# ####???????????????? | | ????############ ##########;"# #???????????????? | | ????# !#???????????????? | | ????# #???????????????? | | ?? ?# ######### ######### #???????????????? | | ?# ?# #???????# #????# #???????????????? | | ?# ?# #???????# #????# # #???????????????? | | ?# ?# #???????# #????# #BB# #???????????????? | | ## ?# #???????# #???## BB# #???????????????? | | ## #???????# #???# # ##???????????????? | | # ##??????# #???# # #???????????????? | | ######## #???# !#???????????????? | | #####; #???????????????? | | # % !! #???????????????? | | ##############% @%! !!!#???????????????? | | ###??????????# #% #######???????????????? | | = [ #??????????#### #?????????????????????? | | #?????????????####?????????????????????? | | = ####???????????????????????????????????? | | #???????????????????????????????????? | | = # #### #???????????????????????????????????? | | # ## #?#???????????????????????????????????? | | ! # ######??????????????????????????????? | | ! ! #?????????????????????????????? | | = #####??????????????????????????????????? | | ## #?????????????????????????????????????? | | ## ## #?????????????????????????????????????? | | ### ###????????????????????????????????????? | | # # #????????????????????????????????????? | | ## #????????????????????????????????????? | | # #####?????????????????????????????????? | | # #?????????????????????????????????? | | ## #### #?????????????????????????????????? | | #?# #?# #??????????????????????#####??????? | | ??# ##?# #??????????????????????# #??????? | | ??## ##### ######################## #??????? | | ??# #??????? | | ??##" #??????? | | ???## =% #??????? | +----------------------------------------------------+ Best States ------------- Heat Dissipation 75 Coolant Potential 65 Energy Generation 16 Energy Capacity 800 Matter Stores 599 Matter Capacity 800 Sight Range 16 Robot Scan Range 15 Terrain Scan Density 10 Jamming Range 12 EM Shielding 2 Armor Coverage 525 Resistance: KI 30 Resistance: EX 25 Power Shielding 33 Phase Shifting 5 Evasion (%) 55 Target Analysis 8 Armor Integrity Analysis 40 Recoil Reduction 4 Particle Charging 15 Relay Coupler Types 3 Relay Coupler Value 84 Item Schematics ----------------- None Robot Schematics ------------------ None Fabricated ------------ Nothing Alien Tech Used ----------------- None Achievements -------------- None Challenges ------------ None Game ------ Seed GlidesysTiamatDissipator Manual? 0 Play Time 02:37:54 Cumulative 156.8 hours Start 2022.01.07 @ 14:29:45 End 2022.01.07 @ 20:07:16 Sessions 1 Manual Loads 0 Difficulty Rogue Special Mode None Game No. 58 Rogue 58 Adventurer 0 Explorer 0 Win Type - Total 3 Types 3/0/0/0/0/0/0/0/0 Lore% 53 Gallery% 61 Achievement% 41 Wizard Run 0 Options --------- ASCII 0 Keyboard 1 Movement Vi Keybinds 0 Fullscreen 1 Font 18/SmallcapsGlow Map View 76x50 Tactical HUD 1 Map Filters NONE Filters NONE Steam 1 RUN: 214bdb46-0406-457e-87ce-97677a9b14e1